[Event "Titled Tuesday Blitz November 14 Late 2023"]
[White "Chigaev, Maksim"]
[Black "Tabatabaei, M. Amin"]
[WhiteFideId "4108116"]
[BlackFideId "12521213"]
[WhiteElo "2931"]
[BlackElo "3096"]
[Result "1/2-1/2"]
[Round "5"]
[TimeControl "180+1"]
[Date "2023.11.14"]
[WhiteClock "0:00:06"]
[BlackClock "0:00:12"]
[Board "3"]

1. c4 e5 2. g3 Nc6 3. Bg2 Nf6 4. Nc3 Bc5 5. d3 O-O 6. Nf3 d6 7. O-O a5 8. h3 h6 9. b3 Re8 10. Bb2 Bf5 11. e3 Qd7 12. Kh2 Ba7 13. a3 Bh7 14. e4 Nd8 15. Nh4 Ne6 16. f4 c6 17. f5 Nd4 18. Nf3 d5 19. g4 Rad8 20. cxd5 cxd5 21. Rc1 dxe4 22. Nxe4 Nd5 23. Nxd4 Ne3 24. Qd2 Nxf1+ 25. Rxf1 Bxd4 26. Bxd4 Qxd4 27. Qxa5 Qxd3 28. Qb4 Kh8 29. Qxb7 f6 30. Nc5 Qd6 31. Ne6 Re7 32. Qc6 Qxc6 33. Bxc6 Rd2+ 34. Kg3 Bg8 35. a4 Bxe6 36. fxe6 Rxe6 37. Be4 Rb6 38. Rb1 Rd4 39. Bg6 Kg8 40. a5 Rb5 41. Rc1 Rxb3+ 42. Kh4 Kf8 43. a6 Ra3 44. Rc7 Rxa6 45. Rf7+ Kg8 46. Re7 Rd8 47. Kh5 e4 48. Bxe4 Ra5+ 49. Bf5 Re5 50. Rb7 Kh8 51. Kg6 Rg8 52. h4 Re1 53. h5 Re3 54. Rc7 Re5 55. Rb7 Ree8 56. Rc7 Re5 57. Rb7 Re1 58. Rc7 Re3 59. Rb7 Ra3 60. Rc7 Ra5 61. Rb7 Rc5 62. Rd7 Rb5 63. Rc7 Ra5 64. Rd7 Ra6 65. Rc7 Rd6 66. Rb7 Rgd8 67. Rc7 Re8 68. Rb7 Ra8 69. Rc7 Rb8 70. Ra7 Rdb6 71. Rxg7 Rg8 72. Rxg8+ Kxg8 73. Kxh6 Kf7 74. g5 fxg5+ 75. Kxg5 Kg7 76. Bg6 Rb5+ 77. Bf5 Rb6 78. Bg6 Rb2 79. h6+ Kh8 80. Bf5 Rb6 81. Bg6 Rb5+ 82. Bf5 Ra5 83. Kg6 Ra6+ 84. Kg5 Kg8 85. Bg6 Rb6 86. Kh5 Rb5+ 87. Kg4 Rc5 88. Kh4 Kf8 89. Kg4 Ke7 90. h7 Rc8 91. Kg5 Rh8 92. Bf5 Kf7 93. Bg6+ Kg7 94. Bf5 Rd8 95. Be4 Rd4 96. Kf4 Rb4 97. Ke3 Rb3+ 98. Kf4 Rh3 99. Bf5 Rh5 100. Kg4 Rh6 101. Kg5 Rh1 102. Kg4 Kf6 103. Be4 Rh2 104. Kg3 Rh6 105. Kg4 Rh2 106. Kg3 Rh5 107. Kg4 Rh6 108. Bd3 Kf7 109. Kg5 Kg7 110. Bf5 Rd6 111. Be4 Re6 112. Bf5 Re5 113. Kf4 Re8 114. Kg5 Rf8 115. Be4 Rd8 116. Bf5 Rb8 117. Be4 Rb2 118. Bf5 Rg2+ 119. Kf4 Rh2 120. Kg3 Rh6 121. Be4 Kf6 122. Kg4 Ke5 123. Bd3 Rh2 124. Kg3 Rh1 125. Kg4 Kf6 126. Be4 Rh2 1/2-1/2


[Site "https://www.chess.com"]

[Event "Titled Tuesday Blitz November 14 Late 2023"]
[White "Hong, Andrew"]
[Black "Erigaisi Arjun"]
[WhiteFideId "2099438"]
[BlackFideId "35009192"]
[WhiteElo "2925"]
[BlackElo "3041"]
[Result "0-1"]
[Round "5"]
[TimeControl "180+1"]
[Date "2023.11.14"]
[WhiteClock "0:01:26"]
[BlackClock "0:01:27"]
[Board "4"]

1. e4 c6 2. d4 d5 3. e5 Bf5 4. Nf3 e6 5. Be2 c5 6. Be3 cxd4 7. Nxd4 Ne7 8. Nd2 Nbc6 9. N2f3 Be4 10. O-O Bxf3 11. Nxf3 Nf5 12. Bf4 Qb6 13. Bd3 Nfd4 14. Ng5 h6 15. Qh5 hxg5 16. Qxh8 gxf4 17. c3 Nxe5 18. Bh7 Ne2+ 19. Kh1 Ng4 20. g3 f3 21. h4 Nxf2+ 22. Kh2 Qc7 23. Rg1 O-O-O 24. Raf1 Ng4+ 25. Kh3 Ne3 26. Bd3 Nxf1 27. Bxe2 fxe2 28. Qh5 e1=Q 0-1


[Site "https://www.chess.com"]

[Event "Titled Tuesday Blitz November 14 Late 2023"]
[White "Martinez Alcantara, Jose Eduardo"]
[Black "Yeletsky, Ivan"]
[WhiteFideId "3805662"]
[BlackFideId "24180327"]
[WhiteElo "3025"]
[BlackElo "2917"]
[Result "1-0"]
[Round "5"]
[TimeControl "180+1"]
[Date "2023.11.14"]
[WhiteClock "0:00:17"]
[BlackClock "0:00:00"]
[Board "5"]

1. e4 e6 2. d4 d5 3. Nd2 c5 4. Ngf3 cxd4 5. Nxd4 Nc6 6. Bb5 Bd7 7. Nxc6 bxc6 8. Bd3 Bd6 9. Qe2 Qc7 10. Nf3 dxe4 11. Qxe4 Nf6 12. Qh4 c5 13. O-O Bc6 14. Nd2 g5 15. Qh3 h5 16. Nc4 Bf4 17. Bxf4 Qxf4 18. Rae1 Qg4 19. Qxg4 hxg4 20. Ne5 Bb7 21. Be2 Rh4 22. g3 Rh7 23. Nxg4 Nxg4 24. Bxg4 Ke7 25. f4 Rah8 26. h3 gxf4 27. Rxf4 Rxh3 28. Bxh3 Rxh3 29. Re3 Rh1+ 30. Kf2 Rh2+ 31. Ke1 Rxc2 32. Rf2 Rc1+ 33. Kd2 Ra1 34. Ra3 a6 35. Ra5 c4 36. Kc3 Rc1+ 37. Rc2 Rg1 38. Kxc4 Rxg3 39. Kb4 Kd6 40. Rd2+ Kc7 41. Rc5+ Kb6 42. Rd6+ Ka7 43. Rc7 Rg4+ 44. Ka3 Rg3+ 45. b3 Ka8 46. Rd8+ 1-0


[Site "https://www.chess.com"]

[Event "Titled Tuesday Blitz November 14 Late 2023"]
[White "Ibarra Jerez, Jose Carlos"]
[Black "Troff, Kayden"]
[WhiteFideId "2226332"]
[BlackFideId "2047896"]
[WhiteElo "2972"]
[BlackElo "2810"]
[Result "0-1"]
[Round "5"]
[TimeControl "180+1"]
[Date "2023.11.14"]
[WhiteClock "0:00:04"]
[BlackClock "0:00:52"]
[Board "6"]

1. e4 c5 2. Nf3 g6 3. c3 Bg7 4. d4 cxd4 5. cxd4 d5 6. e5 Nc6 7. Bb5 Nh6 8. O-O O-O 9. Bxc6 bxc6 10. b3 Bg4 11. Nbd2 f6 12. h3 Bxf3 13. Nxf3 Nf7 14. e6 Nd6 15. Ba3 Rc8 16. Re1 Bh6 17. Qc2 Ne4 18. Nh2 Bf4 19. f3 Ng3 20. Ng4 Kg7 21. Nf2 Nf5 22. Bc5 Qc7 23. g4 Nh4 24. Qe2 Bd2 25. Qxd2 Nxf3+ 26. Kg2 Nxd2 27. Rad1 Ne4 28. Nxe4 dxe4 29. Rxe4 Rfd8 30. Rf1 Rd5 0-1


[Site "https://www.chess.com"]

[Event "Titled Tuesday Blitz November 14 Late 2023"]
[White "Andreikin, Dmitry"]
[Black "Tactrics"]
[WhiteFideId "4158814"]
[WhiteElo "3126"]
[BlackElo "2870"]
[Result "1-0"]
[Round "5"]
[TimeControl "180+1"]
[Date "2023.11.14"]
[WhiteClock "0:02:48"]
[BlackClock "0:01:53"]
[Board "7"]

1. d4 e6 2. e4 d5 3. Nc3 Nc6 4. Nf3 Nf6 5. e5 Ne4 6. Ne2 f6 7. Ng3 fxe5 8. Bb5 exd4 9. Nxe4 dxe4 10. Nxd4 Qd5 11. c4 Bb4+ 12. Bd2 Qxd4 13. Bxb4 Qxd1+ 14. Rxd1 Bd7 15. Bc3 O-O 16. Rxd7 1-0


[Site "https://www.chess.com"]

[Event "Titled Tuesday Blitz November 14 Late 2023"]
[White "Rustemov, Alexander"]
[Black "Nihal Sarin"]
[WhiteFideId "4119002"]
[BlackFideId "25092340"]
[WhiteElo "2862"]
[BlackElo "3101"]
[Result "0-1"]
[Round "5"]
[TimeControl "180+1"]
[Date "2023.11.14"]
[WhiteClock "0:00:00"]
[BlackClock "0:01:32"]
[Board "8"]

1. d4 Nf6 2. c4 e6 3. Nf3 d5 4. Nc3 c6 5. e3 Nbd7 6. Qc2 b6 7. Bd3 Bb7 8. O-O Bd6 9. Rd1 O-O 10. e4 dxe4 11. Nxe4 Nxe4 12. Bxe4 Nf6 13. Bg5 h6 14. Bh4 Be7 15. c5 Nxe4 16. Qxe4 Bxh4 17. Qxh4 Qd5 18. Qf4 Rad8 19. Qe5 Ba6 20. Qxd5 Rxd5 21. Ne5 Rc8 22. Rac1 f6 23. Ng4 Be2 24. Ne3 Bxd1 25. Nxd5 cxd5 26. Rxd1 bxc5 27. Rc1 c4 28. f4 Rb8 29. Rc2 h5 30. Kf2 Kf7 31. g3 e5 32. fxe5 fxe5 33. Ke3 Ke6 34. Rf2 Rb6 35. h3 Ra6 36. Rf8 Rxa2 37. Re8+ Kd6 38. dxe5+ Kd7 39. Ra8 Rxb2 40. Rxa7+ Ke6 41. Rxg7 Kxe5 42. Rg5+ Kd6 43. Rxh5 Rb3+ 44. Kf4 c3 45. Ke3 c2+ 46. Kd2 Rc3 47. Kc1 d4 48. Rh8 d3 49. Rd8+ Ke5 50. h4 Ke4 51. Re8+ Kf3 52. Rd8 Ra3 53. Kd2 Kg4 54. Rg8+ Kh3 55. Rc8 Kg4 0-1


[Site "https://www.chess.com"]

[Event "Titled Tuesday Blitz November 14 Late 2023"]
[White "Hakobyan, Aram"]
[Black "Pakleza, Zbigniew"]
[WhiteFideId "13306677"]
[BlackFideId "1119290"]
[WhiteElo "3028"]
[BlackElo "2823"]
[Result "1-0"]
[Round "5"]
[TimeControl "180+1"]
[Date "2023.11.14"]
[WhiteClock "0:00:10"]
[BlackClock "0:00:00"]
[Board "9"]

1. e4 d6 2. Nc3 Nf6 3. d4 c6 4. f4 Qb6 5. Be2 e5 6. Nf3 Nbd7 7. O-O Be7 8. Kh1 O-O 9. Be3 Ng4 10. Bg1 exf4 11. Qd2 Ne3 12. Bxe3 fxe3 13. Qxe3 Ne5 14. Na4 Qa5 15. dxe5 Qxa4 16. exd6 Bxd6 17. e5 Be7 18. Bd3 h6 19. Nd4 Bc5 20. Rf4 Bxd4 21. Rxd4 Qa5 22. Rf1 Rd8 23. Rh4 Be6 24. Qe4 Kf8 25. Rhf4 Ke7 26. Bc4 Bxc4 27. Qxc4 Qd5 28. Rxf7+ Ke6 29. Qg4+ 1-0


[Site "https://www.chess.com"]

[Event "Titled Tuesday Blitz November 14 Late 2023"]
[White "Mikaelyan, Arman"]
[Black "Paravyan, David"]
[WhiteFideId "13304852"]
[BlackFideId "4194985"]
[WhiteElo "2833"]
[BlackElo "3024"]
[Result "1/2-1/2"]
[Round "5"]
[TimeControl "180+1"]
[Date "2023.11.14"]
[WhiteClock "0:00:31"]
[BlackClock "0:01:15"]
[Board "10"]

1. d4 d5 2. Nf3 Nf6 3. c4 e6 4. Nc3 c5 5. cxd5 cxd4 6. Qxd4 exd5 7. Bg5 Be7 8. e3 O-O 9. Rd1 Nc6 10. Qd3 Be6 11. Be2 h6 12. Bh4 Qb6 13. Qb5 Qxb5 14. Bxb5 g5 15. Bg3 Rfd8 16. O-O Ne4 17. Nxe4 dxe4 18. Bxc6 bxc6 19. Nd4 Bd5 20. Rc1 Bf6 21. Nxc6 Rdc8 22. Be5 Bxe5 23. Nxe5 Bxa2 24. Nd7 Bc4 25. Rfd1 Be2 26. Re1 Bd3 27. Nc5 Rab8 28. f3 Re8 29. b3 Rb5 30. Nxd3 exd3 31. Rc3 Reb8 32. Rxd3 Rxb3 33. Rxb3 Rxb3 34. Ra1 Rxe3 35. Rxa7 1/2-1/2


[Site "https://www.chess.com"]

[Event "Titled Tuesday Blitz November 14 Late 2023"]
[White "Khismatullin, Denis"]
[Black "Maksimovic, Bojan"]
[WhiteFideId "4142578"]
[BlackFideId "14408120"]
[WhiteElo "2954"]
[BlackElo "2801"]
[Result "1-0"]
[Round "5"]
[TimeControl "180+1"]
[Date "2023.11.14"]
[WhiteClock "0:00:04"]
[BlackClock "0:00:00"]
[Board "11"]

1. Nf3 g6 2. d4 Bg7 3. e4 d6 4. Be2 Nf6 5. Nc3 a6 6. O-O O-O 7. Bf4 c6 8. a4 a5 9. e5 Nd5 10. Nxd5 cxd5 11. exd6 exd6 12. Qd2 Re8 13. Rfe1 Nc6 14. c3 Be6 15. h3 Qd7 16. Bb5 f6 17. Bg3 g5 18. c4 Bf8 19. Rac1 Kh8 20. Re3 Bf7 21. Rce1 Rxe3 22. fxe3 Qf5 23. Rf1 Qg6 24. cxd5 Bxd5 25. Bd3 Be4 26. Bxe4 Qxe4 27. Ne1 Kg7 28. Qd3 Re8 29. Qxe4 Rxe4 30. Nc2 Kg6 31. Bf2 h5 32. Na3 g4 33. hxg4 hxg4 34. g3 Bh6 35. Re1 Nb4 36. Re2 d5 37. Nb5 Re6 38. Kg2 Rc6 39. Be1 Rc2 40. Kf1 Rc1 41. Kg2 Kf5 42. e4+ Ke6 43. Bxb4 axb4 44. e5 f5 45. Nd6 b3 46. Nxb7 Bf8 47. a5 Rc2 48. Kf1 Ba3 49. a6 Bxb2 50. Nc5+ 1-0


[Site "https://www.chess.com"]

[Event "Titled Tuesday Blitz November 14 Late 2023"]
[White "Kamsky, Gata"]
[Black "Bazeev, German"]
[WhiteFideId "2000024"]
[BlackFideId "24119350"]
[WhiteElo "2926"]
[BlackElo "2805"]
[Result "0-1"]
[Round "5"]
[TimeControl "180+1"]
[Date "2023.11.14"]
[WhiteClock "0:00:01"]
[BlackClock "0:00:12"]
[Board "12"]

1. d4 Nf6 2. Bf4 g6 3. c3 Bg7 4. Nf3 O-O 5. h3 d6 6. e3 Nc6 7. Nbd2 Nd7 8. g4 e5 9. Bg3 b6 10. Bc4 Bb7 11. a4 exd4 12. cxd4 Nb4 13. a5 bxa5 14. O-O Nb6 15. Be2 a4 16. b3 f5 17. bxa4 a5 18. Kh2 f4 19. exf4 N6d5 20. Bc4 Kh8 21. f5 gxf5 22. g5 f4 23. Bh4 Qe8 24. g6 Qxg6 25. Rg1 Qh5 26. Rg5 Qh6 27. Qb3 Bf6 28. Rg4 Bc8 29. Bxd5 Bxg4 30. Bxa8 Bxh4 31. hxg4 Rxa8 32. Kg2 Rg8 33. Rh1 Rxg4+ 34. Kf1 d5 35. Ne5 Qa6+ 36. Ke1 f3 37. Nexf3 Nd3+ 38. Kd1 Nxf2+ 39. Kc2 Nxh1 40. Qb8+ Rg8 41. Qb3 Qg6+ 42. Kb2 Bf6 43. Qxd5 Nf2 44. Nc4 Qd3 0-1


[Site "https://www.chess.com"]

[Event "Titled Tuesday Blitz November 14 Late 2023"]
[White "Salinas Herrera, Pablo"]
[Black "MKlose11"]
[WhiteFideId "3407128"]
[WhiteElo "2900"]
[BlackElo "2677"]
[Result "0-1"]
[Round "5"]
[TimeControl "180+1"]
[Date "2023.11.14"]
[WhiteClock "0:00:00"]
[BlackClock "0:00:05"]
[Board "13"]

1. d4 Nf6 2. Nf3 c5 3. d5 b5 4. a4 b4 5. c4 b3 6. Qxb3 d6 7. Qc2 g6 8. Nbd2 Bg7 9. e4 O-O 10. Bd3 Na6 11. O-O Nb4 12. Qb1 Rb8 13. Re1 Nd7 14. Bf1 e6 15. dxe6 fxe6 16. Ra3 Qe7 17. Rae3 e5 18. b3 Nf6 19. h3 Nh5 20. Ba3 Nc6 21. Qd1 Nf4 22. Nb1 Nd4 23. Nxd4 exd4 24. Rf3 Be5 25. Bc1 Be6 26. Kh1 Rf7 27. Bxf4 Bxf4 28. g3 Be5 29. Rxf7 Qxf7 30. f4 Bxf4 31. gxf4 Qxf4 32. Nd2 Rf8 33. Bg2 Qg3 34. Rf1 Bxh3 35. Rxf8+ Kg7 36. Rf7+ Kg8 37. Qf3 Bxg2+ 38. Qxg2 Qh4+ 39. Qh2 Qxh2+ 40. Kxh2 Kxf7 41. Kg3 Kf6 42. a5 Ke5 43. Kg4 h6 44. a6 d3 45. Kf3 Kd4 46. Kf4 h5 47. Nf3+ Kc3 48. Ke3 h4 49. Kf4 d2 50. Nxd2 Kxd2 51. b4 cxb4 52. c5 dxc5 53. e5 b3 54. e6 b2 55. e7 b1=Q 56. e8=Q Qf1+ 57. Kg4 Qe2+ 58. Qxe2+ Kxe2 0-1


[Site "https://www.chess.com"]

[Event "Titled Tuesday Blitz November 14 Late 2023"]
[White "Dragomirescu, Robin-Alexandru"]
[Black "Henriquez Villagra, Cristobal"]
[WhiteFideId "1213849"]
[BlackFideId "3409350"]
[WhiteElo "2578"]
[BlackElo "2871"]
[Result "1-0"]
[Round "5"]
[TimeControl "180+1"]
[Date "2023.11.14"]
[WhiteClock "0:00:36"]
[BlackClock "0:00:23"]
[Board "14"]

1. b3 d6 2. Bb2 Nd7 3. e3 e5 4. c4 b6 5. d4 Bb7 6. Nc3 Ngf6 7. Nf3 Be7 8. Ng1 O-O 9. Nf3 Re8 10. Be2 e4 11. Nd2 Bf8 12. O-O c6 13. b4 c5 14. bxc5 dxc5 15. d5 Bd6 16. Qc2 Qe7 17. a4 a5 18. Nb5 Ba6 19. Rad1 Bxb5 20. cxb5 h5 21. Nc4 Ng4 22. h3 Ngf6 23. f3 exf3 24. Rxf3 h4 25. Bd3 Bg3 26. Bf5 Rab8 27. d6 Qd8 28. e4 Ne5 29. Rxg3 Nxc4 30. Rxg7+ Kxg7 31. Qxc4 1-0


[Site "https://www.chess.com"]

[Event "Titled Tuesday Blitz November 14 Late 2023"]
[White "Yoo, Christopher Woojin"]
[Black "Sydoryka, Vladyslav"]
[WhiteFideId "30909694"]
[BlackFideId "14145928"]
[WhiteElo "3060"]
[BlackElo "2673"]
[Result "1/2-1/2"]
[Round "5"]
[TimeControl "180+1"]
[Date "2023.11.14"]
[WhiteClock "0:00:03"]
[BlackClock "0:00:03"]
[Board "15"]

1. d4 Nf6 2. c4 e6 3. Nc3 Bb4 4. Qc2 O-O 5. Nf3 d5 6. a3 Bxc3+ 7. Qxc3 b6 8. Bg5 h6 9. Bxf6 Qxf6 10. cxd5 exd5 11. Qxc7 Bf5 12. Qe5 Qxe5 13. Nxe5 f6 14. Nf3 Nc6 15. e3 Na5 16. Nd2 Rfc8 17. b4 Nc4 18. Nxc4 dxc4 19. Kd2 c3+ 20. Kc1 a5 21. b5 a4 22. f3 Be6 23. Bd3 Bb3 24. e4 Ra5 25. d5 Kf7 26. Re1 Ke7 27. f4 Kd6 28. Rb1 Kc5 29. Re2 Re8 30. Re1 Bxd5 31. Rb4 Bb3 32. Re3 Raa8 33. Bc2 Kd6 34. Rxc3 Rac8 35. Rd4+ Ke7 36. Rdd3 Bc4 37. Rd4 Bxb5 38. Rxc8 Rxc8 39. Kd2 g5 40. Rb4 Bf1 41. fxg5 hxg5 42. g3 b5 43. Bd1 Bc4 44. Be2 Bxe2 45. Kxe2 Rc2+ 46. Kf3 Rc3+ 47. Kg4 Rxa3 48. Rxb5 Ke6 49. Ra5 Ra1 50. h4 gxh4 51. gxh4 a3 52. Kh5 a2 53. Kh6 Rh1 54. Rxa2 Rxh4+ 55. Kg6 Rg4+ 56. Kh5 Rxe4 57. Ra6+ Kf5 58. Ra5+ Kf4 59. Kg6 Re5 60. Ra3 Re4 61. Ra5 Re5 62. Ra4+ Re4 63. Ra1 f5 64. Rf1+ Kg4 65. Rg1+ Kf4 66. Kf6 Re3 67. Rf1+ Rf3 68. Rxf3+ Kxf3 69. Kxf5 1/2-1/2


[Site "https://www.chess.com"]

[Event "Titled Tuesday Blitz November 14 Late 2023"]
[White "Adla, Diego"]
[Black "Bortnyk, Olexandr"]
[WhiteFideId "100072"]
[BlackFideId "14120828"]
[WhiteElo "2662"]
[BlackElo "3007"]
[Result "0-1"]
[Round "5"]
[TimeControl "180+1"]
[Date "2023.11.14"]
[WhiteClock "0:00:00"]
[BlackClock "0:00:14"]
[Board "16"]

1. c4 d6 2. Nc3 Nf6 3. d4 g6 4. e4 Bg7 5. Nf3 Na6 6. Bf4 c5 7. d5 Qa5 8. Qd2 Bg4 9. Be2 Bxf3 10. Bxf3 Nd7 11. O-O h5 12. Rfc1 O-O 13. Rab1 Nc7 14. a3 Rfb8 15. Be2 a6 16. Bh6 b5 17. Bxg7 Kxg7 18. b4 Qb6 19. bxc5 Nxc5 20. Qd4+ f6 21. cxb5 axb5 22. Nxb5 Ra4 23. Rb4 Nxb5 24. Bxb5 Rxa3 25. Rcb1 Qa5 26. g3 Ra2 27. h4 Qa3 28. Kg2 Rc2 29. Ba4 Rxb4 30. Rxb4 Rxf2+ 31. Kxf2 Nd3+ 32. Ke2 Nxb4 33. Bd1 Qa2+ 34. Kf3 Qb1 35. Be2 Nc2 36. Qc4 Qh1+ 37. Kf2 Qh2+ 38. Kf3 Ne1+ 39. Ke3 Qxg3+ 40. Kd2 Ng2 41. Qc7 Qe3+ 42. Kd1 Qxe4 43. Qb7 Qxd5+ 0-1


[Site "https://www.chess.com"]

[Event "Titled Tuesday Blitz November 14 Late 2023"]
[White "Alekseenko, Kirill"]
[Black "reevecanada"]
[WhiteFideId "4135539"]
[WhiteElo "2961"]
[BlackElo "2651"]
[Result "1-0"]
[Round "5"]
[TimeControl "180+1"]
[Date "2023.11.14"]
[WhiteClock "0:02:09"]
[BlackClock "0:01:44"]
[Board "17"]

1. e4 c5 2. Nf3 d6 3. d4 cxd4 4. Nxd4 Nf6 5. Nc3 a6 6. Be2 e5 7. Nb3 Be6 8. f4 exf4 9. Bxf4 Nc6 10. Qd2 Ne5 11. O-O-O Be7 12. Nd4 Bd7 13. Rhg1 b5 14. a3 Rc8 15. Kb1 O-O 16. g4 Ne8 17. Nd5 Nc7 18. Nf5 Nxd5 19. Qxd5 Bxf5 20. gxf5 Rc5 21. Qxc5 dxc5 22. Rxd8 Rxd8 23. Bxe5 Rd2 24. Rxg7+ Kf8 25. Rg2 c4 26. Bc3 Rd8 27. f6 Bc5 28. e5 Bd4 29. Bb4+ Ke8 30. Rg8+ Kd7 31. Bg4+ Kc7 32. Ba5+ 1-0


[Site "https://www.chess.com"]

[Event "Titled Tuesday Blitz November 14 Late 2023"]
[White "Flameboard08"]
[Black "Gholami Orimi, Mahdi"]
[BlackFideId "12558486"]
[WhiteElo "2633"]
[BlackElo "2947"]
[Result "0-1"]
[Round "5"]
[TimeControl "180+1"]
[Date "2023.11.14"]
[WhiteClock "0:00:00"]
[BlackClock "0:00:19"]
[Board "18"]

1. f4 e5 2. fxe5 d6 3. exd6 Bxd6 4. Nf3 g5 5. g3 g4 6. Nh4 Ne7 7. e4 Ng6 8. Nf5 Bxf5 9. exf5 Ne5 10. Be2 h5 11. d4 Nec6 12. c3 h4 13. Kf2 Nd7 14. Bxg4 Nf6 15. Bf3 Kd7 16. g4 h3 17. c4 Nh7 18. c5 Qh4+ 19. Kf1 Be7 20. Be3 Ng5 21. Bxc6+ bxc6 22. d5 Rad8 23. Nc3 Ke8 24. Bf2 Qh6 25. Qa4 Kf8 26. Qxc6 Qxc6 27. dxc6 Rd2 28. Be3 Rxb2 29. Rb1 Rxb1+ 30. Nxb1 Rh4 31. Rg1 Nf3 32. Rg3 Nxh2+ 33. Kg1 Nxg4 34. Kh1 Bf6 35. Nd2 Be5 36. Rf3 h2 37. Bf4 Bd4 38. Bg3 Rh3 39. Nf1 Nf2+ 40. Rxf2 Bxf2 41. Bxf2 Rf3 42. Nxh2 Rxf2 0-1


[Site "https://www.chess.com"]

[Event "Titled Tuesday Blitz November 14 Late 2023"]
[White "Mitrabha, Guha"]
[Black "Adewumi, Tanitoluwa"]
[WhiteFideId "5057000"]
[BlackFideId "30966396"]
[WhiteElo "2937"]
[BlackElo "2628"]
[Result "1-0"]
[Round "5"]
[TimeControl "180+1"]
[Date "2023.11.14"]
[WhiteClock "0:02:02"]
[BlackClock "0:00:31"]
[Board "19"]

1. Nf3 Nf6 2. d4 e6 3. Bf4 d5 4. e3 Bd6 5. Nbd2 O-O 6. Bd3 c5 7. c3 Qc7 8. Bxd6 Qxd6 9. Ne5 Nc6 10. f4 Nd7 11. O-O f6 12. Qh5 f5 13. g4 Ndxe5 14. fxe5 Qe7 15. gxf5 exf5 16. Nf3 g6 17. Qg5 Qxg5+ 18. Nxg5 h6 19. Nf3 Be6 20. h4 b6 21. Kf2 Na5 22. Rg1 Kh7 23. Rg2 Nc4 24. b3 Nb2 25. Bc2 c4 26. Ke2 Rac8 27. Kd2 Nd3 28. Bxd3 cxd3 29. Rag1 f4 30. Rxg6 fxe3+ 31. Kxe3 Bf5 32. Rf6 Rxf6 33. exf6 Rxc3 34. Rg7+ Kh8 35. Ne5 1-0


[Site "https://www.chess.com"]

[Event "Titled Tuesday Blitz November 14 Late 2023"]
[White "Bortnyk, Mykola"]
[Black "Wadsworth, Matthew J"]
[WhiteFideId "14120836"]
[BlackFideId "415804"]
[WhiteElo "2936"]
[BlackElo "2628"]
[Result "1-0"]
[Round "5"]
[TimeControl "180+1"]
[Date "2023.11.14"]
[WhiteClock "0:01:07"]
[BlackClock "0:00:05"]
[Board "20"]

1. e4 e6 2. d4 d5 3. e5 c5 4. Nf3 cxd4 5. Bd3 Nc6 6. O-O Nge7 7. Bf4 Ng6 8. Bg3 Be7 9. Nbd2 f6 10. Bxg6+ hxg6 11. Nb3 fxe5 12. Nxe5 Nxe5 13. Bxe5 Bd6 14. Qxd4 Qc7 15. f4 Bxe5 16. fxe5 Bd7 17. Rf3 O-O-O 18. Qxa7 Bc6 19. Qa8+ Qb8 20. Qxb8+ Kxb8 21. Nd4 Rh5 22. Re1 Rdh8 23. h3 g5 24. Kf2 R8h6 25. c3 Rh4 26. Rf8+ Ka7 27. Kg3 Kb6 28. Rf7 Rg6 29. Re7 Rhh6 30. Rf1 Kc5 31. Rff7 Kc4 32. Rxg7 Rxg7 33. Rxg7 Kd3 34. Rxg5 Kd2 35. h4 Kc1 36. b4 Kd2 37. b5 Be8 38. Rg8 Bh5 39. Kf4 Kxc3 40. Kg5 Rh7 41. Nxe6 Bf7 42. Rc8+ Kb4 43. Nf8 Rh5+ 44. Kf6 Bg8 45. g3 d4 46. Rd8 Kc3 47. a4 d3 48. a5 Bc4 49. a6 bxa6 50. b6 Rh6+ 51. Ng6 d2 52. b7 Rxg6+ 53. Kxg6 Bd3+ 54. Rxd3+ Kxd3 55. b8=Q d1=Q 56. Qd6+ 1-0


[Site "https://www.chess.com"]

[Event "Titled Tuesday Blitz November 14 Late 2023"]
[White "Zhigalko, Sergei"]
[Black "Roberson, Peter T"]
[WhiteFideId "13502956"]
[BlackFideId "412384"]
[WhiteElo "2896"]
[BlackElo "2614"]
[Result "1-0"]
[Round "5"]
[TimeControl "180+1"]
[Date "2023.11.14"]
[WhiteClock "0:01:30"]
[BlackClock "0:01:25"]
[Board "21"]

1. e4 c5 2. Nf3 d6 3. d4 cxd4 4. Qxd4 Nf6 5. Nc3 Nc6 6. Bb5 Bd7 7. Bxc6 Bxc6 8. Bg5 e6 9. O-O-O Be7 10. Rhe1 O-O 11. Kb1 h6 12. Bh4 b5 13. Bxf6 Bxf6 14. Qxd6 Qxd6 15. Rxd6 Bxc3 16. bxc3 Rac8 17. Ne5 Ba8 18. Kb2 Rc7 19. f3 Rfc8 20. Red1 f6 21. Rd8+ Kh7 22. Rxc8 Rxc8 23. Nd3 Kg6 24. Nf4+ Kh7 25. Nxe6 h5 26. Rd7 1-0


[Site "https://www.chess.com"]

[Event "Titled Tuesday Blitz November 14 Late 2023"]
[White "Eljanov, Pavel"]
[Black "Yelisieiev, Yevhenii"]
[WhiteFideId "14102951"]
[BlackFideId "14139642"]
[WhiteElo "2877"]
[BlackElo "2603"]
[Result "1-0"]
[Round "5"]
[TimeControl "180+1"]
[Date "2023.11.14"]
[WhiteClock "0:00:14"]
[BlackClock "0:00:00"]
[Board "22"]

1. d4 d6 2. Nf3 Nf6 3. c4 Nbd7 4. Nc3 e5 5. e4 Be7 6. Be2 O-O 7. O-O c6 8. Qc2 a6 9. Rd1 Qc7 10. a3 Re8 11. b4 b5 12. Bg5 h6 13. Bh4 Nf8 14. Bg3 Nh5 15. Rac1 Nxg3 16. hxg3 Qb8 17. d5 Bb7 18. Qb3 Rc8 19. dxc6 Bxc6 20. cxb5 axb5 21. Nxb5 Bxe4 22. Rxc8 Qxc8 23. Nxd6 Bxd6 24. Rxd6 Bxf3 25. Bxf3 Qc1+ 26. Rd1 Qxa3 27. Qxa3 Rxa3 28. Rd8 Rb3 29. Rb8 g6 30. b5 Kg7 31. b6 Nd7 32. Rb7 Nxb6 33. Bd5 Rb1+ 34. Kh2 Nxd5 35. Rxb1 Kf6 36. Rb5 Nc7 37. Ra5 h5 38. f3 Ne6 39. Kg1 Nd4 40. Kf2 Ne6 41. Ke3 Nd4 42. Ke4 Nf5 43. Ra6+ Ke7 44. Kxe5 Nxg3 45. Ra7+ Ke8 46. Kf6 Nf5 47. Ra8+ Kd7 48. Kxf7 Nh4 49. Ra2 Kd6 50. Re2 g5 51. Kf6 g4 52. fxg4 hxg4 53. Kg5 1-0


[Site "https://www.chess.com"]

[Event "Titled Tuesday Blitz November 14 Late 2023"]
[White "Martinez Reyes, Pedro Ramon"]
[Black "Beerdsen, Thomas"]
[WhiteFideId "3901807"]
[BlackFideId "1030108"]
[WhiteElo "2601"]
[BlackElo "2862"]
[Result "1/2-1/2"]
[Round "5"]
[TimeControl "180+1"]
[Date "2023.11.14"]
[WhiteClock "0:00:24"]
[BlackClock "0:01:16"]
[Board "23"]

1. e4 e5 2. Nf3 Nc6 3. d4 exd4 4. Nxd4 Nf6 5. Nxc6 bxc6 6. Bd3 d5 7. exd5 cxd5 8. O-O Bd6 9. c4 O-O 10. Nc3 d4 11. Ne4 Nxe4 12. Bxe4 Rb8 13. Qd3 g6 14. b3 c5 15. Bd2 Re8 16. Rae1 Be6 17. f4 Qh4 18. g3 Qh3 19. f5 gxf5 20. Bxf5 Bxf5 21. Qxf5 Qxf5 22. Rxf5 Rxe1+ 23. Bxe1 Re8 24. Kf1 Kg7 25. Rd5 Re6 26. Bd2 Kg6 27. a3 Be7 28. b4 Ra6 29. bxc5 Ra4 30. Rxd4 Bxc5 31. Rg4+ Kf6 32. Ke2 Rxa3 33. Rg5 Bb4 34. Bf4 Bd6 35. Rh5 Bxf4 36. gxf4 Rc3 37. Rxh7 Rxc4 38. Rh6+ Kf5 39. Ra6 Kxf4 40. Rxa7 f5 41. Ra2 Kg4 42. Kf2 f4 43. Re2 Rc3 44. Ra2 Kh3 45. Ra4 Kg4 46. Ra2 Rh3 47. Kg2 Rh8 48. Rf2 Ra8 49. Rb2 Rh8 50. Rf2 Rh7 51. Rb2 f3+ 52. Kg1 Ra7 53. Rb4+ Kh3 54. Kf2 Ra3 55. Rf4 Ra2+ 56. Kxf3 Kxh2 57. Rh4+ Kg1 58. Rg4+ Kf1 59. Re4 Ra3+ 60. Kf4 1/2-1/2


[Site "https://www.chess.com"]